 Dungeon Crawl Stone Soup version 0.27-a0-1242-ge70438ac7b (webtiles) character file.

Game seed: 17673437239015273750

70 Glokmah the Insei (level 4, -1/29 HPs)
             Began as an Octopode Transmuter on June 9, 2021.
             Slain by a gnoll
             ... wielding a +0 whip
              (2 damage)
             ... on level 2 of the Dungeon.
             The game lasted 00:03:04 (1749 turns).

Glokmah the Insei (Octopode Transmuter)             Turns: 1749, Time: 00:03:04

Health: -1/29      AC:  5    Str: 10    XL:     4   Next: 21%
Magic:  1/7        EV: 13    Int: 21    God:
Gold:   34         SH:  0    Dex: 12    Spells: 1/7 levels left

rFire    . . .     SeeInvis .     - Unarmed
rCold    . . .     Faith    .   (no shield)
rNeg     . . .     Spirit   .   (helmet restricted)
rPois    .         Reflect  .   (no amulet)
rElec    .         Harm     .   c - +4 ring of protection
rCorr    .         Rampage  .   d - +6 ring of intelligence
Will     .....                  (no ring)
Stlth    ++........             (no ring)
HPRegen  0.09/turn              (no ring)
MPRegen  0.10/turn              (no ring)
                                (no ring)
                                (no ring)

@: wereblooded
A: almost no armour, amphibious, 8 rings, camouflage 1, gelatinous body 1,
(nimble swimmer 1), tentacles
a: no special abilities


You were on level 2 of the Dungeon.
You visited 1 branch of the dungeon, and saw 2 of its levels.

You collected 34 gold pieces.

Inventory:

Jewellery
 c - a +4 ring of protection (left tentacle)
 d - a +6 ring of intelligence (right tentacle)
Scrolls
 a - a scroll of magic mapping {unknown}
 e - a scroll of teleportation {unknown}
 f - a scroll of immolation {unknown}
Potions
 b - 2 potions of curing {unknown}


   Skills:
 + Level 1.7 Fighting
 - Level 2.0 Dodging
 * Level 3.7 Unarmed Combat
 + Level 2.3 Spellcasting
 * Level 2.9 Transmutations
 + Level 0.3 Poison Magic


You had one spell level left.
You knew the following spells:

 Your Spells              Type           Power      Damage    Failure   Level
a - Beastly Appendage     Tmut           28%        N/A       4%          1
b - Wereblood             Tmut           14%        N/A       7%          2
c - Spider Form           Tmut/Pois      4%         N/A       22%         3

Your spell library contained the following spells:

 Spells                   Type           Power      Damage    Failure   Level
 Ice Form                 Ice/Tmut       8%         N/A       61%         4


Dungeon Overview and Level Annotations

Branches:
Dungeon (2/15)

Altars:

Shops:
D:2 :[


Innate Abilities, Weirdness & Mutations

You cannot wear most types of armour.
You are amphibious.
You can wear up to eight rings at the same time.
Your skin changes colour to match your surroundings (Stealth+).
Your rubbery body absorbs attacks. (AC +1, EV +1)
((You are camouflaged near water. (Stealth+)))
You have tentacles for arms and can constrict up to eight enemies at once.


Message History

You tentacle-slap the gnoll but do no damage.
You grab the gnoll. You constrict the gnoll. The gnoll closely misses you.
You barely miss the gnoll.
The gnoll is lightly wounded.
You constrict the gnoll. The gnoll hits you with a +0 whip.
The gnoll hits you with a +0 spear.
You tentacle-slap the gnoll.
The gnoll is moderately wounded.
You constrict the gnoll, but do no damage.
The gnoll hits you with a +0 whip.
You tentacle-slap the gnoll.
You squeeze the gnoll, but do no damage.
The gnoll is severely wounded.
You constrict the gnoll. The gnoll closely misses you.
The gnoll hits you with a +0 whip.
You tentacle-slap the gnoll.
You feel a bit better.
You kill the gnoll!
The gnoll completely misses you.
Your magical contamination has completely faded away.
You bludgeon the gnoll! Your grab misses the gnoll.
The gnoll is heavily wounded.
You tentacle-slap the gnoll but do no damage.
You grab the gnoll. Your squeeze misses the gnoll. You constrict the gnoll.
The gnoll hits you with a +0 whip. The gnoll hits you with a +0 club!
* * * LOW HITPOINT WARNING * * *
Unknown command.
You release your grip on the gnoll.
You barely miss the gnoll. Your grab misses the gnoll.
The gnoll is heavily wounded.
The gnoll closely misses you.
You tentacle-slap the gnoll. You grab the gnoll.
The gnoll is severely wounded.
You constrict the gnoll, but do no damage.
The gnoll hits you with a +0 whip!
* * * LOW HITPOINT WARNING * * *
You tentacle-slap the gnoll but do no damage.
The gnoll is severely wounded.
You howl as the wereblood boils in your veins!
You constrict the gnoll. The gnoll hits you with a +0 whip.
You die...

#.# #.......g ##.# #........
#.## #..# #....g... #..#
##.## #........
###.####..#########........
...........................
##......#.##.....##........
###..#.####.######...........
.....(..........@gg.....#####
................####....#
.....###.###..### #.#..#
.....###...##...# ##..##
......####..###.## ##.##
.......[###.# ...##..#
..........#.## #..#.## .....
..........#..# #.#.#
#.......# ...........#.###
#...###.......#


You could see 2 gnolls.

Vanquished Creatures
  2 gnolls (D:2)
  An adder (D:2)
  2 dart slugs
  7 ball pythons
  4 bats
  3 endoplasms
  2 giant cockroaches
  2 goblins
  A hobgoblin (D:1)
  5 kobolds
  4 quokkas
  2 frilled lizards
  2 rats
37 creatures vanquished.

Vanquished Creatures (others)
  6 plants (D:2)
6 creatures vanquished.

Grand Total: 43 creatures vanquished

Notes
Turn   | Place    | Note
-------+----------+-------------------------------------------
     0 | D:1      | Glokmah the Octopode Transmuter began the quest for the
                  | Orb.
     0 | D:1      | Reached XP level 1. HP: 13/13 MP: 3/3
   137 | D:1      | Found a faded altar of an unknown god.
   514 | D:1      | Reached XP level 2. HP: 15/18 MP: 3/5
   609 | D:1      | Learned a level 2 spell: Wereblood
  1032 | D:1      | Reached XP level 3. HP: 23/23 MP: 4/6
  1534 | D:2      | Learned a level 3 spell: Spider Form
  1584 | D:2      | Found Paplel's Book Shoppe.
  1653 | D:2      | Found Vutazudgh's Antique Armour Emporium.
  1738 | D:2      | Reached XP level 4. HP: 27/29 MP: 0/7
  1748 | D:2      | HP: 1/29 [gnoll/+0 whip (8)]
  1749 | D:2      | Slain by a gnoll

Illustrated notes

Levels and vault maps discovered:
D:1:      dpeg_arrival_triangle_fractal, layout_basic,
          hellmonk_ecumenical_altar_heavens_door
D:2:      layout_rooms, serial_shops, shop, nicolae_shop_stone,
          minmay_lizard_king, uniq_robin

Action                   |  1- 3 |  4- 6 || total
-------------------------+-------+-------++-------
Melee: Unarmed           |    63 |    10 ||    73
       Constrict         |    16 |     3 ||    19
       Kick              |    10 |       ||    10
       Tentacles         |    10 |     1 ||    11
 Cast: Beastly Appendage |    19 |       ||    19
       Wereblood         |     8 |       ||     8
 Stab: Sleeping          |     4 |       ||     4
Armor: Skin              |    15 |       ||    15
Dodge: Dodged            |    43 |     6 ||    49

Table legend: (Time is in decaauts)
 A = Elapsed time spent in this place.
 B = Non-inter-level travel time spent in this place.
 C = Inter-level travel time spent in this place.
 D = Time resting spent in this place.
 E = Time spent auto-exploring this place.
 F = Levels seen in this place.
 G = Mean time per level.
                   A        B        C        D        E       F      G
               +--------+--------+--------+--------+--------+-----+--------+
         Total |   1744 |   1568 |    176 |      0 |   1300 |   2 |  872.0 |
       Dungeon |   1744 |   1568 |    176 |      0 |   1300 |   2 |  872.0 |
               +--------+--------+--------+--------+--------+-----+--------+

Top non-repeatable levels by time:
     D:1: 1423 daAuts
     D:2: 321 daAuts
